 Dungeon Crawl Stone Soup version 0.22-a0-136-g83a10e5 (webtiles) character file.

774 mhoghedin the Chiller (level 7, -3/50 HPs)
             Began as a Pale Draconian Ice Elementalist on Feb 3, 2018.
             Killed by divine providence
             ... invoked by an orc priest
              (13 damage)
             ... on level 4 of the Dungeon.
             The game lasted 00:09:00 (3963 turns).

mhoghedin the Chiller (DrIE)                        Turns: 3963, Time: 00:09:02

Health: -3/50      AC: 21    Str: 10    XL:     7   Next: 53%
Magic:  9/14       EV: 12    Int: 18    God:
Gold:   196        SH:  0    Dex: 11    Spells: 3/15 levels left

rFire    . . .     SeeInvis .   g - +4 quarterstaff (chaos)
rCold    . . .     Gourm    .   (shield currently unavailable)
rNeg     . . .     Faith    .   (armour unavailable)
rPois    .         Spirit   .   (helmet restricted)
rElec    .         Reflect  .   f - +1 cloak
rCorr    .         Harm     .   l - +2 pair of gloves
MR       .....                  t - +0 pair of boots (curse)
Stlth    ++........             (no amulet)
HPRegen  0.16/turn              (no ring)
MPRegen  0.14/turn              i - +3 ring of protection

@: lethally poisoned (-3 -> -5), icy armour, slow
A: breathe steam, unfitting armour, cold-blooded, AC +6
a: Breathe Steam


You were on level 4 of the Dungeon.
You were hungry.

You visited 1 branch of the dungeon, and saw 4 of its levels.

You collected 196 gold pieces.

Inventory:

Hand Weapons
 g - a +4 quarterstaff of chaos (weapon)
   (You took it off Crazy Yiuf on level 2 of the Dungeon)
Missiles
 c - 2 throwing nets {=f, !d}
Armour
 f - a +1 cloak (worn)
   (You took it off Crazy Yiuf on level 2 of the Dungeon)
 l - a +2 pair of gloves (worn)
   (You found it on level 3 of the Dungeon)
 m - a +2 pair of boots
   (You found it on level 3 of the Dungeon)
 t - a cursed +0 pair of boots (worn)
   (You found it on level 4 of the Dungeon)
Jewellery
 i - a +3 ring of protection (right hand)
   (You found it on level 2 of the Dungeon)
Wands
 h - a wand of flame (25)
   (You found it on level 4 of the Dungeon)
 r - a wand of enslavement (11)
   (You found it on level 4 of the Dungeon)
Scrolls
 e - 2 scrolls of enchant weapon
 j - a scroll of remove curse
 k - 3 scrolls of magic mapping {!r}
 o - 2 scrolls of immolation {unknown}
 p - 2 scrolls of identify
 s - 4 scrolls of teleportation {unknown}
Potions
 d - a potion of magic
Books
 a - a book of Frost
 n - a book of Cantrips
   (You found it on level 3 of the Dungeon)
Comestibles
 b - 7 rations


   Skills:
 - Level 1.7 Dodging
 - Level 1.7 Stealth
 - Level 4.7 Spellcasting
 - Level 1.0 Conjurations
 + Level 3.3 Summonings
 + Level 6.7 Ice Magic


You had 3 spell levels left.
You knew the following spells:

 Your Spells              Type           Power        Failure   Level  Hunger
a - Freeze                Ice            ####         1%          1    None
b - Summon Ice Beast      Ice/Summ       ###.....     17%         4    ####...
x - Throw Icicle          Conj/Ice       ###.....     28%         4    ####...
A - Ozocubu's Armour      Chrm/Ice       ###.....     11%         3    ###....


Dungeon Overview and Level Annotations

Branches:
Dungeon (4/15)
 Temple: D:4-7

Altars:
Gozag
Qazlal
Trog


Innate Abilities, Weirdness & Mutations

You can breathe blasts of scalding, opaque steam.
Your pale cyan-grey scales are hard. (AC +6)
You cannot fit into any form of body armour.
You are cold-blooded and may be slowed by cold attacks.


Message History

You see here 23 arrows.
As you open the door, it creaks loudly!
A water moccasin comes into view.
The water moccasin hisses angrily.
You hear a shout!
A water moccasin is nearby!
A water moccasin is nearby!
There is an open door here.
The water moccasin bites you. x2
You are poisoned.
The water moccasin poisons you!
You take 5 damage, and have 45/50 hp.
You feel sick.
There is an open door here.
You take 2 damage, and have 43/50 hp.
You feel sick.
The water moccasin bites you but does no damage.
You take 1 damage, and have 42/50 hp.
You closely miss the water moccasin.
You feel sick.
The water moccasin bites you but does no damage.
You take 1 damage, and have 41/50 hp.
You closely miss the water moccasin.
You feel sick. The water moccasin bites you.
You are more poisoned.
The water moccasin poisons you! The water moccasin misses you.
You take 3 damage, and have 38/50 hp.
Unknown command.
A film of ice covers your body!
You feel sick.
The water moccasin barely misses you. x2
You take 2 damage, and have 36/50 hp.
You now have 11/14 mp.
Unknown command.
Unknown command.
Aim: a water moccasin You freeze the water moccasin.
You feel sick. The water moccasin closely misses you.
You take 2 damage, and have 34/50 hp.
You now have 10/14 mp.
Aim: a water moccasin (lightly wounded)
You freeze the water moccasin.
You feel sick. The water moccasin closely misses you.
You take 2 damage, and have 32/50 hp.
You now have 9/14 mp.
Aim: a water moccasin (moderately wounded)
You freeze the water moccasin.
You feel sick.
The water moccasin bites you but does no damage.
The water moccasin misses you.
You take 2 damage, and have 30/50 hp.
You now have 8/14 mp.
Aim: a water moccasin (heavily wounded)
You freeze the water moccasin.
You feel sick. The water moccasin barely misses you.
You take 1 damage, and have 29/50 hp.
You now have 7/14 mp.
Aim: a water moccasin (almost dead)
You freeze the water moccasin.
You kill the water moccasin!
Your Summonings skill increases to level 3!
You feel sick.
You take 1 damage, and have 28/50 hp.
You now have 6/14 mp.
You start resting.
You feel sick. x3
An orc comes into view. It is wielding a club.
You take 4 damage, and have 24/50 hp.
Unknown command.
You close the door.
You feel sick.
You take 2 damage, and have 22/50 hp.
You start resting.
You feel sick. x3
An orc opens the door.
It is wielding a club.
You take 2 damage, and have 20/50 hp.
You feel sick. The orc hits you but does no damage.
There is an open door here.
You take 1 damage, and have 19/50 hp.
You hit the orc.
You feel sick. The orc closely misses you.
An orc comes into view. It is wielding a hand axe.
You take 1 damage, and have 18/50 hp.
You closely miss the orc.
The orc shouts!
Your tail-slap misses the orc.
You feel sick. The orc hits you but does no damage.
You take 1 damage, and have 17/50 hp.
You hit the orc. You burn the orc.
You kill the orc!
You feel sick.
You feel sick.
Things that are here:
a club; an orc corpse You take 1 damage, and have 16/50 hp.
An orc comes into view. It is wielding a club.
The orc misses you.
An orc comes into view. It is wielding a club.
The orc shouts!
You sock the orc! Lightning courses through the orc!
You kill the orc!
You feel sick.
You take 1 damage, and have 15/50 hp.
An orc priest comes into view. It is wielding a short sword.
Things that are here:
a hand axe; an orc corpse You hit the orc.
You burn the orc.
You feel sick.
The orc priest looks encouraged for a moment.
The orc barely misses you.
You closely miss the orc.
You feel sick. The orc hits you with a club.
* * * LOW HITPOINT WARNING * * *
The orc priest invokes the aid of Beogh against you.
Beogh smites you!
You die...

#.#####.....#.# ##......#
##.##### #(# #.# ##'##
##)..## ##.....## #. ###
#@......# #.##.##
#oo........##.#...##
o...$........+........
...............(##.#...##
#.######.......###.##.###
#.# ##.....####.###...
#.# ##...## #........ #.#
#+######.###... #.#
#.......## ##.#


You could see an orc priest and 2 orcs.

Vanquished Creatures
  Grinder (D:3)
  A water moccasin (D:4)
  An ogre (D:3)
  A crimson imp (D:3)
  A hound (D:4)
  2 orc priests
  Crazy Yiuf (D:2)
  An iguana (D:3)
  A worker ant (D:4)
  A hound skeleton (D:4)
  3 adders
  3 gnolls (D:3)
  An ooze (D:3)
  3 dart slugs
  3 worms
  A leopard gecko (D:1)
  16 orcs
  2 ball pythons
  3 giant cockroaches
  11 goblins
  9 hobgoblins
  7 bats
  5 frilled lizards
  8 kobolds
  14 rats
100 creatures vanquished.

Notes
Turn   | Place    | Note
-------+----------+-------------------------------------------
     0 | D:1      | mhoghedin the Draconian Ice Elementalist began the quest for the Orb.
     0 | D:1      | Reached XP level 1. HP: 14/14 MP: 3/3
   264 | D:1      | Reached XP level 2. HP: 8/20 MP: 1/5
   268 | D:1      | HP: 5/20 [dart slug (3)]
   269 | D:1      | HP: 2/20 [dart slug/slug dart (3)]
   817 | D:1      | Learned a level 2 spell: Throw Frost
  1137 | D:1      | Reached XP level 3. HP: 26/26 MP: 7/7
  1447 | D:2      | Found a runed door.
  1508 | D:2      | Found an opulent altar of Gozag.
  1518 | D:2      | Reached skill level 3 in Spellcasting
  1625 | D:2      | Reached skill level 4 in Ice Magic
  1675 | D:2      | Found a bloodstained altar of Trog.
  1746 | D:2      | Learned a level 3 spell: Ozocubu's Armour
  1935 | D:2      | Reached XP level 4. HP: 33/33 MP: 3/8
  2186 | D:2      | Noticed Crazy Yiuf
  2194 | D:2      | Killed Crazy Yiuf
  2403 | D:3      | Reached XP level 5. HP: 31/38 MP: 10/10
  2430 | D:3      | Noticed Grinder
  2441 | D:3      | Paralysed by Grinder for 7 turns
  2446 | D:3      | HP: 9/38 [Grinder (4)]
  2459 | D:3      | Killed Grinder
  2459 | D:3      | Reached skill level 4 in Spellcasting
  2459 | D:3      | Reached skill level 5 in Ice Magic
  2459 | D:3      | Reached XP level 6. HP: 30/45 MP: 9/12
  2710 | D:3      | Learned a level 4 spell: Throw Icicle
  2715 | D:3      | Learned a level 4 spell: Summon Ice Beast
  2837 | D:3      | Reached skill level 1 in Summonings
  3143 | D:3      | Reached skill level 2 in Summonings
  3143 | D:3      | Reached skill level 6 in Ice Magic
  3143 | D:3      | Your scales start taking on a pale cyan-grey colour.
  3143 | D:3      | Reached XP level 7. HP: 21/50 MP: 11/14
  3726 | D:4      | Noticed a water elemental
  3728 | D:4      | Found a stormy altar of Qazlal.
  3729 | D:4      | Noticed an air elemental
  3729 | D:4      | Noticed a fire elemental
  3946 | D:4      | Reached skill level 3 in Summonings
  3963 | D:4      | HP: 10/50 [orc/club (4)]
  3963 | D:4      | Killed from afar by an orc priest

Vault maps used:
D:1:      kennysheep_arrival_forest
D:2:      old_standard_altar, nicolae_overflow_hidden_temple, first_ration,
          uniq_crazy_yiuf_cottage
D:3:      uniq_grinder
D:4:      nicolae_qazlal_style_of_elements

Skill      XL: |  1  2  3  4  5  6  7 |
---------------+----------------------+-----
Spellcasting   | 3 4 |  4.7
Ice Magic      | 4 5 6 |  6.7
Summonings     | 2 3 |  3.3
Dodging        | |  1.7
Stealth        | |  1.7
Conjurations   | |  1.0

Action                   |  1- 3 |  4- 6 |  7- 9 || total
-------------------------+-------+-------+-------++-------
Melee: Club              |   110 |       |       ||   110
       Tailslap          |     9 |     8 |     1 ||    18
       Quarterstaff      |       |   123 |    44 ||   167
 Cast: Freeze            |    30 |     6 |     5 ||    41
       Ozocubu's Armour  |       |     2 |     1 ||     3
 Abil: Breathe Steam     |       |       |     2 ||     2
  Use: Scroll            |     6 |     1 |       ||     7
       Potion            |       |     1 |       ||     1
 Stab: Distracted        |     1 |       |       ||     1
       Sleeping          |     2 |     1 |       ||     3
  Eat: Chunk             |     3 |     5 |     2 ||    10
Armor: Skin              |    50 |    90 |    27 ||   167
Dodge: Dodged            |    94 |   103 |    37 ||   234

Table legend:
 A = Spawn XP
 B = Non-spawn XP
 C = Spawn XP percentage of total XP
 D = Spawn monster count
 E = Non-spawn monster count
 F = Spawn count percentage of total count
 G = Total turns spent on level
                    A         B        C        D         E        F      G
               +---------+---------+-------+---------+---------+-------+---------
         Total |       0 |    1107 |   0.0 |       0 |     100 |   0.0 |  3963
               +---------+---------+-------+---------+---------+-------+---------
           D:1 |       0 |      46 |   0.0 |       0 |      25 |   0.0 |  1353
           D:2 |       0 |      90 |   0.0 |       0 |      17 |   0.0 |   958
           D:3 |       0 |     641 |   0.0 |       0 |      40 |   0.0 |   984
           D:4 |       0 |     330 |   0.0 |       0 |      18 |   0.0 |   668
               +---------+---------+-------+---------+---------+-------+---------

Vault maps used:
D:1:      kennysheep_arrival_forest
D:2:      old_standard_altar, nicolae_overflow_hidden_temple, first_ration,
          uniq_crazy_yiuf_cottage
D:3:      uniq_grinder
D:4:      nicolae_qazlal_style_of_elements

Table legend:
 A = Turns spent in this place as a percentage of turns spent in the entire game.
 B = Non-inter-level travel turns spent in this place as a percentage of non-inter-level travel turns spent in the entire game.
 C = Inter-level travel turns spent in this place as a percentage of turns spent in this place.
 D = Turns resting spent in this place as a percentage of non-inter-level travel turns spent in this place.
 E = Turns spent auto-exploring this place as a percentage of non-inter-level travel turns spent in this place.
 F = Non-inter-level travel turns spent in this place divided by the number of levels of this place that you've seen.
                   A       B       C       D       E      F
               +-------+-------+-------+-------+-------+----------------------
         Total | 100.0 | 100.0 |   3.8 |  27.6 |  53.1 | 953.2
       Dungeon | 100.0 | 100.0 |   3.8 |  27.6 |  53.1 | 953.2
               +-------+-------+-------+-------+-------+----------------------

Table legend:
 A = Kills in this place as a percentage of kills in entire the game.
 B = Kills by you in this place as a percentage of kills by you in the entire game.
 C = Kills by friends in this place as a percentage of kills by friends in the entire game.
 D = Other kills in this place as a percentage of other kills in the entire game.
 E = Experience gained in this place as a percentage of experience gained in the entire game.
 F = Experience gained in this place divided by the number of levels of this place that you have seen.
                   A       B       C       D       E      F
               +-------+-------+-------+-------+-------+----------------------
         Total | 100.0 | 100.0 |   N/A |   N/A | 100.0 | 276.8
       Dungeon | 100.0 | 100.0 |   N/A |   N/A | 100.0 | 276.8
               +-------+-------+-------+-------+-------+----------------------
